[Event "*** SCC Grand Prix: Titled Tuesday Blitz"]
[Site "Chess.com"]
[Date "2020.07.14"]
[Round "7"]
[White "Juanovic"]
[Black "MariaFominykh"]
[Result "1/2-1/2"]
[WhiteElo "2092"]
[BlackElo "2268"]
[TimeControl "180+1"]
[EndTime "11:20:47 PDT"]
[Termination "Game drawn by repetition"]

1. e4 e6 2. d4 d5 3. Nc3 Nf6 4. Bg5 dxe4 5. Nxe4 Be7 6. Nxf6+ Bxf6 7. Bxf6 Qxf6 8.
Nf3 O-O 9. Bd3 c5 10. c3 cxd4 11. Nxd4 e5 12. Nb5 Na6 13. O-O Be6 14. Qe2 Bd5 15. Be4 Rad8 16. Rad1 Bxe4 17. Qxe4 Nc5 18. Qe3 b6 19. Nxa7 Ra8 20. Nb5 Rxa2 21. b4 Ne6 22. g3 Ng5 23. h4 Nf3+ 24. Kg2 e4 25. Nd4 Nxd4 26. Rxd4 Rc2 27. c4 Qc6 28. Qxe4 Qxe4+ 29. Rxe4 f5 30. Rd4 Rc8 31. Re1 R2xc4 32. Rxc4 Rxc4 33. Rb1 Kf7 34. b5 Ke6 35. Rb3 Kd6 36. Kf3 Kc5 37. Re3 Kxb5 38. Re5+ Rc5 39. Re7 g6 40. Rxh7 Rc6 41.
Rh6 Kc5 42. Kf4 b5 43. Kg5 b4 44. Rh8 b3 45. Rd8 b2 46. Rd1 Kb4 47. Rb1 Kb3 48.
f3 Kc2 49. Rxb2+ Kxb2 50. g4 fxg4 51. fxg4 Kc3 52. h5 gxh5 53. gxh5 Kd4 54. h6 Ke5 55. h7 Rc8 56. Kg6 Ke6 57. Kg7 Rc7+ 58. Kg8 Rc8+ 59. Kg7 Rc7+ 60. Kg8 Rc8+ 61. Kg7 1/2-1/2

[Event "*** SCC Grand Prix: Titled Tuesday Blitz"]
[Site "Chess.com"]
[Date "2020.07.14"]
[Round "7"]
[White "Hikaru"]
[Black "abykhovsky"]
[Result "1-0"]
[WhiteElo "3188"]
[BlackElo "2716"]
[TimeControl "180+1"]
[EndTime "11:20:48 PDT"]
[Termination "Hikaru won by resignation"]

1. Nf3 Nf6 2. b3 g6 3. Bb2 Bg7 4. d4 O-O 5. e3 d6 6. Be2 Nbd7 7.
O-O e5 8. dxe5 Ng4 9. c4 Ngxe5 10. Nc3 Nc5 11. Nxe5 Bxe5 12. Qd2 Be6 13. Rfd1 Re8 14. Rac1 Qh4 15. g3 Qh3 16. Nd5 Bxd5 17. cxd5 Ne4 18. Qc2 Bxb2 19. Bf1 Qf5 20. Qxb2 Re7 21. Bg2 a5 22. Rd4 Nc5 23. Qd2 h5 24. h3 Qf6 25.
Rcc4 Kg7 26. Kh2 Kg8 27. Rc2 Kg7 28. Rc3 Kg8 29. Rcc4 Kg7 30. Qc2 Kg8 31. a3 Rae8 32. b4 axb4 33. axb4 Na6 34. Rc3 Qe5 35. h4 Qf6 36.
Rf4 Qe5 37. Qd2 Qg7 38. Bf1 Nb8 39. Bb5 Rd8 40. Rfc4 Rc8 41. Qa2 Qf6 42. Rf4 Qxc3 43. Qa7 c6 44. Bf1 cxd5 45. Qb6 Qc7 46. Qd4 Nc6 47.
Qxd5 Ne5 48. Bh3 Rf8 49. Rf6 Qc6 50. Qd1 Ng4+ 51. Bxg4 hxg4 52. h5 gxh5 53. Rh6 Re5 54. Qd3 Qe4 55. Qxd6 Qf5 56. Rf6 Qg5 57. Kg1 Re6 58.
Rxe6 fxe6 59. Qxe6+ Rf7 60. Qc4 Qf5 61. Qa2 h4 62.
gxh4 Kh7 63. Qe2 Qf3 64. Qd3+ Qf5 65. Qe2 Qe4 66. b5 Qf5 67. b6 Rf6 68. Qd2 Kh6 69. e4+ Qf4 70. Qe2 Rxb6 71. Qd3 Rf6 72. Qc2 Qxf2+ 73. Qxf2 Rxf2 74. Kxf2 b5 75. e5 b4 76. e6 Kg6 77. h5+ Kf6 78. h6 b3 79. h7 Kg7 80. e7 1-0

[Event "*** SCC Grand Prix: Titled Tuesday Blitz"]
[Site "Chess.com"]
[Date "2020.07.14"]
[Round "7"]
[White "Manukyan_Artak"]
[Black "talaicito"]
[Result "1-0"]
[WhiteElo "2368"]
[BlackElo "2185"]
[TimeControl "180+1"]
[EndTime "11:20:50 PDT"]
[Termination "Manukyan_Artak won by resignation"]

1. e4 e5 2. Nf3 Nc6 3. d4 exd4 4.
Nxd4 Qf6 5. Nxc6 Qxc6 6. Nc3 Bb4 7. Bd2 Bxc3 8. Bxc3 Qxe4+ 9. Be2 Nf6 10. O-O O-O 11. Bxf6 gxf6 12. Bd3 Qh4 13. g3 Qh6 14. Re1 d6 15.
Re7 Be6 16. Rxc7 Rac8 17. Rxb7 Kh8 18. Qf3 Rg8 19. Rxa7 Rc5 20. Ra8 Rh5 21. Rxg8+ Kxg8 22. h4 f5 23. a4 Qg6 24. Qf4 Qf6 25. c3 Bd5 26. Re1 Kg7 27. a5 Qd8 28. Qd4+ Qf6 29. Qxd5 Kh6 30. Qf3 f4 31. Qxf4+ Qxf4 32. gxf4 Rxa5 33.
b4 Ra3 34. Rc1 Rb3 35. Bc4 Rb2 36. Bxf7 Kg7 37. Bd5 Kf6 38. Be4 h6 39. Kg2 Ke6 40. Rc2 Rb3 41. Kf3 d5 42. Bd3 Kf6 43. Ke3 Ke6 44. Kd4 Kd6 45. b5 Rb1 46. Re2 Rb3 47.
Re5 Rb2 48. Rxd5+ Kc7 49. Rh5 Rxf2 50. f5 Rf4+ 51. Ke5 Rf3 52. Ke4 Rf2 53. Rxh6 Rb2 54.
b6+ Kb7 55. Ke5 Rd2 56. Be4+ Ka6 57. b7+ Ka7 58. Rh8 Rb2 59. Ra8+ 1-0

[Event "*** SCC Grand Prix: Titled Tuesday Blitz"]
[Site "Chess.com"]
[Date "2020.07.14"]
[Round "7"]
[White "KobyKalavannan"]
[Black "blitzking1729"]
[Result "0-1"]
[WhiteElo "2729"]
[BlackElo "2591"]
[TimeControl "180+1"]
[EndTime "11:20:51 PDT"]
[Termination "blitzking1729 won on time"]

1. d4 d5 2. Nf3 Nf6 3. c4 e6 4. g3 c5 5. cxd5 exd5 6. Bg2 Nc6 7.
O-O Be7 8. dxc5 Bxc5 9. a3 a6 10. b4 Ba7 11. Qd3 O-O 12. Nc3 d4 13. Na4 Bg4 14.
Bg5 h6 15. Bf4 Re8 16. Rac1 Bh5 17. Nc5 Bg6 18. Nxb7 Qb6 19. Qc4 Qxb7 20. Qxc6 Qxc6 21. Rxc6 Rxe2 22. Rxa6 Bd3 23. Ra5 Ree8 24. Nxd4 Bxf1 25.
Bxa8 Bh3 26. Nf3 Rd8 27. Bd2 Rxa8 28. b5 Bg4 29. Ne5 Ne4 30. b6 Nxd2 31. Rxa7 Rb8 32. b7 Nf3+ 33. Nxf3 Bxf3 34. a4 Rxb7 35. Rxb7 Bxb7 36. Kf1 Kf8 37. Ke2 Ke7 38. Kd3 Kd6 39. Kc4 Kc6 40. Kb4 Kb6 41. a5+ Ka6 42. Kc5 Kxa5 43. Kd6 g6 44. Ke7 Bd5 45. Kf6 h5 46.
h3 Kb4 47. g4 hxg4 48. hxg4 Kc5 49. Ke5 Ba2 50. f4 Kc4 51. f5 gxf5 52. Kxf5 Kd4 53.
g5 Bb1+ 54. Kf6 Bg6 0-1

[Event "*** SCC Grand Prix: Titled Tuesday Blitz"]
[Site "Chess.com"]
[Date "2020.07.14"]
[Round "7"]
[White "KingCrusher275"]
[Black "heyiampotato"]
[Result "1-0"]
[WhiteElo "2385"]
[BlackElo "2514"]
[TimeControl "180+1"]
[EndTime "11:20:51 PDT"]
[Termination "KingCrusher275 won by checkmate"]

1. d4 Nf6 2. c4 e6 3. Nc3 Bb4 4. Qc2 d5 5. cxd5 Qxd5 6. e3 c5 7. Bd2 Bxc3 8. Bxc3 cxd4 9. Bxd4 Nc6 10. Bc3 O-O 11.
Nf3 Rd8 12. Be2 Qe4 13. Rc1 Qxc2 14. Rxc2 Ne4 15. O-O Nxc3 16. Rxc3 e5 17. Bb5 f6 18. Bxc6 bxc6 19. Rxc6 Bf5 20. Rc7 a5 21. h3 Rab8 22.
b3 a4 23. bxa4 Ra8 24. Rfc1 Rxa4 25. Rb7 Be4 26. Re7 Kf8 27. Rcc7 Rxa2 28. Rf7+ Kg8 29.
Rxg7+ Kh8 30. Rgd7 Rxd7 31. Rxd7 Kg8 32. Nd2 Bf5 33. Rd6 Kf7 34. Nf3 Ke7 35. Rb6 Ra1+ 36. Kh2 Ra2 37. Kg3 Rc2 38. Rb7+ Ke6 39. Rb6+ Ke7 40. Nh4 Bg6 41. Rb7+ Ke6 42. Rg7 Be4 43. f3 Bd3 44. e4 Bf1 45. Rxh7 Rb2 46. Ra7 Rc2 47.
Rb7 Rd2 48. Rb1 Bd3 49. Rg1 Rc2 50. Rd1 Rc3 51. Kh2 Bc4 52. Rd2 Bd3 53. g3 Bb5 54.
Rf2 Rb3 55. g4 Bd7 56. Kg3 Be8 57. Ng2 Bb5 58. h4 Ba4 59. h5 Rb8 60. Nh4 Rh8 61. Ng6 Rc8 62. Rb2 Kf7 63. Rb7+ Ke6 64. h6 Kd6 65. h7 Bd1 66. h8=Q Rc3 67. Qd8+ Kc6 68. Qc7# 1-0

[Event "*** SCC Grand Prix: Titled Tuesday Blitz"]
[Site "Chess.com"]
[Date "2020.07.14"]
[Round "7"]
[White "davigator"]
[Black "WildTricks"]
[Result "0-1"]
[WhiteElo "2357"]
[BlackElo "2516"]
[TimeControl "180+1"]
[EndTime "11:20:51 PDT"]
[Termination "WildTricks won by resignation"]

1. e4 c5 2. Nf3 d6 3. d4 cxd4 4. Nxd4 Nf6 5. Nc3 a6 6. Bg5 Nbd7 7. f3 b5 8. a3 Bb7 9. Qd2 e6 10. O-O-O Be7 11. h4 h6 12. Be3 Qc7 13. Bxb5 axb5 14. Ndxb5 Qc6 15. Nxd6+ Bxd6 16. Qxd6 Qxd6 17. Rxd6 Ke7 18.
Rhd1 Rhc8 19. Bf4 Bc6 20. R6d2 Nb6 21. Bd6+ Ke8 22. Rd4 Bd7 23. Be5 Ra7 24. Ne2 Nc4 25. Bxf6 gxf6 26. R4d3 Rb7 27. Nf4 Nxb2 28. Rxd7 Rxd7 29.
Rxd7 Kxd7 30. Kxb2 Rg8 31. g4 f5 32. exf5 exf5 33.
g5 hxg5 34. hxg5 Rxg5 35. Nd3 Kd6 36. f4 Rg8 37. a4 Rb8+ 38. Kc3 Kd5 39. Ne5 Rb7 40. Nd3 Rb8 41. Nb4+ Ke4 42. Nd3 Ke3 43. a5 Rb5 44. a6 Ra5 45. Ne5 Rxa6 46. Nxf7 Kxf4 47.
Kd4 Rc6 48. c4 Rc7 49. Nd6 Kg4 50. c5 f4 51. Kd5 f3 52. Ne4 Re7 53. Nf2+ Kg3 54.
Nd3 Rd7+ 55. Ke4 Rxd3 56. Kxd3 f2 57. Kd4 f1=Q 58. c6 Qf8 59. Kd5 Qc8 60. Kd6 Kg4 61. c7 Kg5 62. Kc6 Kf6 63. Kd6 Kf7 64. Kc6 Ke7 65.
Kb6 Kd7 66. Ka7 Qxc7+ 67. Ka8 Qc5 68. Kb7 Qb4+ 69. Ka8 Kc6 0-1

[Event "*** SCC Grand Prix: Titled Tuesday Blitz"]
[Site "Chess.com"]
[Date "2020.07.14"]
[Round "7"]
[White "ChessArchitect64"]
[Black "metalbattler"]
[Result "1-0"]
[WhiteElo "1867"]
[BlackElo "1969"]
[TimeControl "180+1"]
[EndTime "11:20:52 PDT"]
[Termination "ChessArchitect64 won on time"]

1. d4 d5 2. Nf3 c6 3. g3 Nf6 4. Bg2 Bg4 5. O-O Nbd7 6. c4 e6 7. Nbd2 Bd6 8. Qc2 O-O 9. e4 dxe4 10. Nxe4 Bf5 11. Nh4 Bxe4 12. Bxe4 Nxe4 13. Qxe4 Be7 14. Nf3 Nf6 15. Qe2 Qb6 16. b3 Rad8 17. Bb2 a5 18. Rab1 Rfe8 19. Bc3 Bb4 20. Bb2 Nd7 21. a3 Be7 22.
Qc2 Nf8 23. Rfd1 Ng6 24. h4 Qc7 25. h5 Nf8 26. Qe4 Bf6 27. Kg2 Qb6 28. Rd3 c5 29. Rbd1 cxd4 30. Bxd4 Bxd4 31. Nxd4 Nd7 32. Nb5 Nf6 33.
Rxd8 Rxd8 34. Rxd8+ Qxd8 35. Qxb7 Nxh5 36. Qc7 Qa8+ 37. Kg1 h6 38. Nd6 Qf8 39. c5 Nf6 40. b4 axb4 41. axb4 Nd5 42. Qb7 Qd8 43. b5 Qf6 44.
Qxf7+ Qxf7 45. Nxf7 Kxf7 46. b6 Nb4 47. Kf1 Nc6 48. Ke2 e5 49. Kd3 Ke6 50. Kc4 g6 51. Kb5 Kd7 52. Ka6 1-0

[Event "*** SCC Grand Prix: Titled Tuesday Blitz"]
[Site "Chess.com"]
[Date "2020.07.14"]
[Round "7"]
[White "rasmussvane"]
[Black "kuban1991"]
[Result "1/2-1/2"]
[WhiteElo "2891"]
[BlackElo "2772"]
[TimeControl "180+1"]
[EndTime "11:20:53 PDT"]
[Termination "Game drawn by repetition"]

1. Nf3 g6 2. d4 Bg7 3. e4 c6 4. Bd3 d5 5. exd5 cxd5 6. O-O Nc6 7. c3 Nh6 8. Re1 O-O 9. h3 Nf5 10. Bf4 Nd6 11. Nbd2 b6 12. Ne5 Bb7 13. Ndf3 Ne4 14. Nxc6 Bxc6 15. Nd2 Nd6 16. Qg4 Re8 17. Re2 Bb5 18.
Bxb5 Nxb5 19. Rae1 e6 20. Qg3 Bf8 21. Bg5 Qc7 22.
Qh4 Nd6 23. Bf4 Nf5 24. Qg4 Qd7 25. Be5 b5 26. Nf3 Be7 27. Bh2 Bf8 28. Ne5 Qb7 29.
Qf3 f6 30. Ng4 Qf7 31. Qd3 a6 32. a3 Rac8 33. Bf4 Rc6 34. Ne3 Nxe3 35. Rxe3 g5 36. Bh2 Qg6 37. Qe2 Qf7 38. h4 h6 39. Rh3 Bg7 40. hxg5 hxg5 41. Qg4 Qg6 42. Rh5 Kf7 43.
Rh3 f5 44. Qe2 g4 45. Re3 Bh6 46. Re5 Bg7 47. f3 Bxe5 48. Bxe5 gxf3 49. Qxf3 Rg8 50. Kf2 Qg4 51. Rh1 Qxf3+ 52. gxf3 Kg6 53. Rg1+ Kf7 54. Rh1 Kg6 55. Rg1+ Kf7 56. Rh1 1/2-1/2

[Event "*** SCC Grand Prix: Titled Tuesday Blitz"]
[Site "Chess.com"]
[Date "2020.07.14"]
[Round "7"]
[White "Volodar_Murzin"]
[Black "Gabix_94"]
[Result "0-1"]
[WhiteElo "2710"]
[BlackElo "2911"]
[TimeControl "180+1"]
[EndTime "11:20:53 PDT"]
[Termination "Gabix_94 won on time"]

1. e4 c5 2. Nf3 e6 3. g3 Nc6 4. Bg2 Nf6 5. Qe2 e5 6. O-O g6 7. d3 Bg7 8. Na3 d6 9. Nc4 h6 10. a4 O-O 11. c3 b6 12. Nfd2 Bb7 13.
f4 exf4 14. gxf4 d5 15. exd5 Nxd5 16. Ne4 Nce7 17. Ned6 Bc6 18. f5 Qd7 19. Bd2 Nxf5 20. Nxf5 gxf5 21. Qh5 Nf6 22. Bxc6 Qxc6 23. Qxf5 Rae8 24.
Rae1 Rxe1 25. Rxe1 Re8 26. Rxe8+ Qxe8 27. a5 Qe2 28. axb6 axb6 29. Qf1 Qe6 30. Qf3 b5 31. Ne3 Nd7 32. Nf5 Ne5 33. Qe4 Qg6+ 34. Kh1 Kh7 35. b4 c4 36. d4 Nd3 37. Qf3 Bf8 38. d5 Qf6 39. Nd4 Qxf3+ 40. Nxf3 Kg6 41. Nd4 Kf6 42. Nxb5 Ke5 43. d6 Bxd6 44. Bxh6 Be7 45. Bg7+ Kd5 46. Bd4 Kc6 47. Na3 Kd5 48. Nc2 f5 49.
Ne3+ Ke4 50. Nxc4 f4 51. Nd2+ Kf5 52. Nf3 Ke4 53. Kg2 Nb2 54. b5 Nc4 55. h4 Kf5 56.
b6 Bd6 57. Kf2 Kg4 58. Ke2 Na5 0-1

[Event "*** SCC Grand Prix: Titled Tuesday Blitz"]
[Site "Chess.com"]
[Date "2020.07.14"]
[Round "7"]
[White "Sjakkerntobi"]
[Black "vpsetter"]
[Result "1-0"]
[WhiteElo "2394"]
[BlackElo "2599"]
[TimeControl "180+1"]
[EndTime "11:20:53 PDT"]
[Termination "Sjakkerntobi won on time"]

1. e4 e5 2. Nf3 Nc6 3. Bb5 Nge7 4.
c3 a6 5. Ba4 g6 6. O-O Bg7 7.
d4 exd4 8. cxd4 b5 9. Bc2 O-O 10.
Nc3 d5 11. h3 dxe4 12. Bxe4 Bf5 13. Bg5 Bxe4 14. Nxe4 Qd5 15. Nf6+ Bxf6 16. Bxf6 Qd6 17. Bg5 f6 18. Bh6 Rfd8 19. Qb3+ Qd5 20. Qe3 Nf5 21.
Qf4 Ncxd4 22. Nxd4 Qxd4 23. Qxd4 Rxd4 24. Be3 Nxe3 25.
fxe3 Rd6 26. Rac1 c6 27. Rc5 Re8 28. Rfc1 Rxe3 29. Rxc6 Red3 30. Rc8+ Kg7 31. R1c7+ Rd7 32. Rc6 R3d6 33. R8c7 Kh6 34. Kh2 Rxc7 35. Rxd6 Rc2 36. Rxa6 f5 37. b3 f4 38. Kg1 b4 39. Ra4 Kg5 40.
Rxb4 Rxa2 41. Rc4 Rb2 42. Rc3 h5 43. g3 fxg3 44. Rxg3+ Kf5 45. Rc3 g5 46. Rc5+ Kf4 47. Rc4+ Kf3 48. Rc3+ Kf4 49. Rc4+ Kg3 50. Rc3+ Kh4 51.
Kh1 Rd2 52. Kg1 Re2 53. Kh1 Rb2 54. Kg1 1-0

[Event "*** SCC Grand Prix: Titled Tuesday Blitz"]
[Site "Chess.com"]
[Date "2020.07.14"]
[Round "7"]
[White "tk22h"]
[Black "Rytenko_V"]
[Result "1-0"]
[WhiteElo "2324"]
[BlackElo "2452"]
[TimeControl "180+1"]
[EndTime "11:20:53 PDT"]
[Termination "tk22h won by resignation"]

1. c4 f5 2. d4 Nf6 3. Nf3 g6 4. g3 Bg7 5. Bg2 O-O 6. O-O d6 7. Nc3 Nc6 8. b3 e5 9. dxe5 dxe5 10. Ba3 Re8 11. Qxd8 Rxd8 12. Rad1 Be6 13. Nb5 Ne8 14. Ng5 Bf7 15. Nxf7 Kxf7 16. Bd5+ Kf6 17. Bb2 a6 18. Na3 Ke7 19. Bxc6 bxc6 20. e3 e4 21.
Bxg7 Nxg7 22. Nc2 c5 23. Rd5 Rxd5 24. cxd5 Rd8 25. Rd1 c6 26. d6+ Rxd6 27. Rxd6 Kxd6 28.
Na3 Ne6 29. Kf1 Ng5 30. Ke2 Nf3 31. h4 Ne5 32. Nc4+ Kd5 33. Nb6+ Ke6 34. Kd2 Nd3 35. Na4 Kd6 36. f3 Nf2 37. Ke2 Nh1 38. g4 fxg4 39. fxg4 h5 40. gxh5 gxh5 41. Nb6 Ng3+ 42. Kf2 Nf5 43. Nc4+ Kd5 44. Nb6+ Ke6 45. Na4 Kd6 46. Nc3 Ke5 47. Na4 Kd5 48. Nc3+ Kd6 49. Nxe4+ Ke5 50. Nxc5 Nxh4 51. Nxa6 Nf5 52. Nb4 c5 53.
Nd3+ Kd5 54. e4+ Kxe4 55. Nxc5+ Kd4 56. Ne6+ Kc3 57. Kf3 h4 58. Kg4 Nd6 59. Nc5 Kb2 60.
a4 Ka3 61. a5 Kb4 62. Nb7 Nxb7 63. a6 h3 64. Kxh3 Nd6 65. a7 1-0

[Event "*** SCC Grand Prix: Titled Tuesday Blitz"]
[Site "Chess.com"]
[Date "2020.07.14"]
[Round "7"]
[White "gena217"]
[Black "econpower"]
[Result "1-0"]
[WhiteElo "2918"]
[BlackElo "2677"]
[TimeControl "180+1"]
[EndTime "11:20:54 PDT"]
[Termination "gena217 won by resignation"]

1. e4 d6 2. d4 Nf6 3. Nc3 e5 4. Nf3 Nbd7 5. h3 c6 6. a4 Be7 7. g4 O-O 8. Bg2 Qc7 9. O-O h6 10. Be3 b6 11. Nh4 Re8 12. Nf5 Bf8 13. Qd2 Bb7 14.
Rad1 Rad8 15. f4 exd4 16. Bxd4 Nh7 17. Bf2 Nc5 18. Bh4 Rd7 19. g5 h5 20. Bf2 Ne6 21.
h4 a6 22. Ne2 Nc5 23. Nc3 Ne6 24. b3 b5 25. axb5 axb5 26. Ne2 g6 27. Nh6+ Bxh6 28.
gxh6 c5 29. Ng3 Nef8 30. f5 Nf6 31. Rde1 Ng4 32. Nxh5 Nxf2 33. Rxf2 Nh7 34. Ng3 Qd8 35. Qf4 Qf6 36. fxg6 Qxg6 37. Nf5 Kh8 38. Re3 Qf6 39. Rg3 d5 40. Rg7 dxe4 41. Ne3 Qxf4 42. Rxf4 Bc6 43. Rfxf7 Rxf7 44. Rxf7 Rg8 45. Rc7 Ba8 46.
Rxc5 Nf6 47. Rxb5 Kh7 48. Rg5 Kxh6 49. Ng4+ Nxg4 50. Rxg8 Ne3 51. c4 Bb7 52. Rg5 Nc2 53. Rb5 Bc8 54. Bxe4 Nd4 55. Rb6+ Kh5 56. Kf2 Bg4 57. Ke3 Ne6 58. Rxe6 Bxe6 59. Kd4 Kxh4 60. b4 Bc8 61. b5 Kg5 62. c5 Kf6 63. c6 Ke7 64.
Kc5 Kd8 65. Kd6 Be6 66. b6 Bc8 67. b7 1-0

[Event "*** SCC Grand Prix: Titled Tuesday Blitz"]
[Site "Chess.com"]
[Date "2020.07.14"]
[Round "7"]
[White "davidkalashian"]
[Black "AsaHoffmann"]
[Result "1-0"]
[WhiteElo "2575"]
[BlackElo "2403"]
[TimeControl "180+1"]
[EndTime "11:20:54 PDT"]
[Termination "davidkalashian won on time"]

1. e4 d6 2. d4 c6 3. Nc3 a6 4.
f4 d5 5. e5 h5 6. Bd3 g6 7. Nf3 Bg4 8. h3 Bxf3 9. Qxf3 e6 10.
Bd2 c5 11. dxc5 Bxc5 12. g4 Qh4+ 13. Ke2 Nc6 14. Kd1 hxg4 15. Qf1 gxh3 16. Ne2 h2 17. c3 Nge7 18. Kc2 d4 19. c4 Nf5 20. Qf3 Qh3 21. Raf1 Qxf3 22. Rxf3 Ke7 23. Rf2 Ne3+ 24. Kc1 Ng4 25. Rg2 Rh4 26. a3 Rah8 27. b4 Ba7 28. Kc2 Ne3+ 29. Bxe3 dxe3 30. Be4 Nd8 31. c5 Kd7 32. Kd3 Rh3 33. Rg3 Kc7 34. Kxe3 b6 35. cxb6+ Bxb6+ 36. Kf3 Rxg3+ 37. Kxg3 Kd7 38. Rxh2 Rxh2 39.
Kxh2 a5 40. b5 a4 41. Nc3 Bc5 42. Nxa4 Bxa3 43. Nb6+ Kc7 44. Nc4 Bc5 45. Kg3 Nb7 46. Bxb7 Kxb7 47. Kg4 Kc7 48. Kg5 Be7+ 49. Kh6 Kd8 50.
Kg7 Ke8 51. b6 Bd8 52. Nd6+ Kd7 53. b7 Bc7 54. Nxf7 Kc6 55. Kxg6 Kxb7 56. Ng5 1-0

[Event "*** SCC Grand Prix: Titled Tuesday Blitz"]
[Site "Chess.com"]
[Date "2020.07.14"]
[Round "7"]
[White "Onegust"]
[Black "zajka-molotok"]
[Result "0-1"]
[WhiteElo "2574"]
[BlackElo "2425"]
[TimeControl "180+1"]
[EndTime "11:20:55 PDT"]
[Termination "zajka-molotok won by resignation"]

1. e4 d5 2. exd5 Qxd5 3. Nc3 Qd8 4. d4 Nf6 5. Bg5 Nbd7 6. Nf3 g6 7. Bc4 Bg7 8. Qe2 O-O 9. O-O-O a6 10. Ne5 Nb6 11.
Bb3 Nbd5 12. Nxd5 Nxd5 13. Nf3 Be6 14. h3 h6 15. Bd2 a5 16. c4 Nb4 17. d5 Bf5 18.
Bxb4 axb4 19. g4 Bd7 20. Rhe1 Re8 21. Qd2 c5 22. Ne5 Ba4 23. f4 Bxb3 24. axb3 Ra1+ 25. Kc2 Ra2 26. h4 Qd6 27. h5 g5 28. Re4 Rea8 29. Rde1 Qa6 30. fxg5 Rxb2+ 31. Kxb2 Qa2+ 32. Kc1 Qa1+ 33. Kc2 Ra2+ 34. Kd3 Rxd2+ 35. Kxd2 Qb2+ 36. Ke3 Bxe5 37. gxh6 Bd4+ 38. Rxd4 Qxd4+ 39. Kf3 Qd3+ 40. Re3 Qd1+ 41.
Kf4 Qc1 42. Kf3 Qf1+ 43. Ke4 Qf6 44. Rf3 Qxh6 45. Rf4 Qg5 46. Kf3 Qe5 47. Re4 Qc3+ 48. Re3 Qd4 49. Re4 Qd1+ 50. Kg3 Qxb3+ 51. Kf4 Kf8 52. h6 Qc3 53. Kg5 Qf6+ 54. Kh5 Qg6+ 55. Kh4 Qxe4 0-1

[Event "*** SCC Grand Prix: Titled Tuesday Blitz"]
[Site "Chess.com"]
[Date "2020.07.14"]
[Round "7"]
[White "JoliyRoger"]
[Black "eightbyeightchess"]
[Result "0-1"]
[WhiteElo "2268"]
[BlackElo "2407"]
[TimeControl "180+1"]
[EndTime "11:20:55 PDT"]
[Termination "eightbyeightchess won by resignation"]

1. Nf3 d5 2. c4 c6 3. e3 Nf6 4. b3 Bg4 5. Bb2 e6 6. d4 Bb4+ 7. Bc3 Bxc3+ 8. Nxc3 O-O 9. Be2 Nbd7 10. O-O Re8 11. Rc1 Qa5 12. Qc2 Bf5 13. Qb2 h6 14. a3 Ne4 15. h3 Nxc3 16. Rxc3 Nf6 17. b4 Qb6 18. c5 Qc7 19. b5 Ne4 20. Rb3 Qe7 21. bxc6 bxc6 22. Ne5 Qh4 23. Nf3 Qf6 24. Rb7 g5 25. Ne5 Bg6 26. f4 Rf8 27. Rf3 Bh5 28. g4 Bg6 29. Nxc6 gxf4 30. exf4 Kh8 31. Bf1 Rac8 32.
Ne5 h5 33. Qh2 Bh7 34. Bd3 h4 35. Qe2 Ng3 36. Qe1 Bxd3 37. Rxd3 Qxf4 38. Qf2 Qxf2+ 39. Kxf2 Kg7 40. Rf3 Ne4+ 41. Ke1 Ng5 42. Rc3 Ne4 43. Re3 Rb8 44. c6 Rxb7 45. cxb7 Nd6 46. Rb3 Rb8 47. Nc6 Rxb7 48. Rxb7 Nxb7 49. Nxa7 f6 50. Nc6 f5 51.
gxf5 exf5 52. a4 Kf6 53. a5 f4 54. a6 Nd6 55. a7 Kf5 56. a8=Q Ke4 57. Qe8+ Nxe8 58.
Kf2 Ng7 59. Kg2 Nf5 60. Kh2 Nxd4 61. Ne7 Nf3+ 62. Kg2 Ne5 63. Ng6 Nxg6 0-1

[Event "*** SCC Grand Prix: Titled Tuesday Blitz"]
[Site "Chess.com"]
[Date "2020.07.14"]
[Round "7"]
[White "maximnovik"]
[Black "Nara_Kh"]
[Result "0-1"]
[WhiteElo "2468"]
[BlackElo "2276"]
[TimeControl "180+1"]
[EndTime "11:20:56 PDT"]
[Termination "Nara_Kh won on time"]

1. d4 d5 2. c4 c6 3. Nc3 Nf6 4. Bf4 dxc4 5. e3 b5 6. a4 b4 7. Nb1 Ba6 8. Nf3 e6 9. Ne5 Qd5 10. Be2 Be7 11. O-O O-O 12. Bf3 Qd8 13. Be2 Qd5 14.
Qc1 c3 15. Bxa6 cxb2 16. Qxb2 Nxa6 17. Nd2 c5 18. Rac1 Rfd8 19. Nb3 cxd4 20. Nxd4 Re8 21.
Rfd1 Qb7 22. Nb5 Nd5 23. Bg3 Nc5 24. Qe2 Nxa4 25. e4 Ndc3 26. Nxc3 Nxc3 27. Qf3 Bf6 28. Rd7 Qxe4 29. Qxe4 Nxe4 30. Nxf7 a5 31. Be5 Bxe5 32. Nxe5 Rec8 33. Re1 b3 34. Rb7 a4 35. f4 a3 36. Rd1 Rd8 37. Rxd8+ Rxd8 38. Kf1 b2 39. Ke2 a2 40. Rxb2 a1=Q 41. Rc2 Qa6+ 42. Ke3 Nf6 43. Rc3 Qa3 44. Rxa3 Nd5+ 45. Kf3 Nf6 46. g3 h6 47. g4 Rd1 48. g5 hxg5 49. fxg5 Nd5 50. g6 Kf8 51. Ra7 Ne7 52. Ra8+ Nc8 0-1

[Event "*** SCC Grand Prix: Titled Tuesday Blitz"]
[Site "Chess.com"]
[Date "2020.07.14"]
[Round "7"]
[White "Gusarov91"]
[Black "WPWPWP-2015"]
[Result "1-0"]
[WhiteElo "2626"]
[BlackElo "2426"]
[TimeControl "180+1"]
[EndTime "11:20:57 PDT"]
[Termination "Gusarov91 won on time"]

1. d4 Nf6 2. Nf3 e6 3. c4 b6 4. g3 Ba6 5. Qa4 Bb7 6. Bg2 Be7 7. O-O c5 8. dxc5 Bxc5 9. Nc3 O-O 10. b4 Be7 11.
Rd1 Qc8 12. Qb3 Na6 13. a3 d5 14. cxd5 Nxd5 15. Bb2 Nxc3 16. Bxc3 Bd5 17. Qb2 f6 18. Rac1 Qb7 19. Ne1 Nc7 20. f3 Nb5 21. e4 Nxc3 22. Rxc3 Bc6 23. Rdc1 Rfc8 24. Bh3 Bd7 25.
Qb3 Kf7 26. Nd3 Rxc3 27. Rxc3 Rc8 28. Nf4 Rxc3 29. Qxc3 g5 30. Nd3 Qc6 31. Qb3 h5 32. e5 Qxf3 33. exf6 Qe3+ 34. Kf1 Bb5 35. Bf5 Qf3+ 36.
Ke1 Qxf5 37. fxe7 Bxd3 38. e8=Q+ Kxe8 39. Qc3 Qe4+ 40. Kd1 Qe2+ 41. Kc1 Qe3+ 42. Kb2 Qe2+ 43. Kc1 Bc4 44. Qh8+ Ke7 45. Qg7+ Kd6 46. Qxg5 Bd3 47. Qd8+ Ke5 48. Qc7+ Ke4 49. Qf4+ Kd5 50. Qg5+ Kc4 51.
Qd2 Qxd2+ 52. Kxd2 Kd4 53. h3 e5 54. g4 e4 55. gxh5 e3+ 56. Ke1 Ke5 57. h6 Bh7 58. a4 Kf4 59. a5 Bd3 60. h4 Ke5 61. axb6 axb6 62. h5 Kf4 63. b5 Bc4 64. h7 1-0

[Event "*** SCC Grand Prix: Titled Tuesday Blitz"]
[Site "Chess.com"]
[Date "2020.07.14"]
[Round "7"]
[White "VerdeNotte"]
[Black "GeorgMeier"]
[Result "1-0"]
[WhiteElo "2807"]
[BlackElo "2949"]
[TimeControl "180+1"]
[EndTime "11:20:59 PDT"]
[Termination "VerdeNotte won by resignation"]

1. e4 e6 2. d4 d5 3. e5 c5 4. c3 Ne7 5. Bd3 Nec6 6. Nf3 b6 7. h4 Ba6 8. Bxa6 Nxa6 9. Qa4 Nb8 10. h5 h6 11. a3 Qd7 12. Qd1 Qb7 13. O-O Be7 14. b4 Nd7 15. Nbd2 O-O 16. Re1 Rfc8 17. Nf1 cxd4 18.
cxd4 b5 19. Ne3 a5 20. bxa5 Rxa5 21. Ng4 Bf8 22. Re3 Qa7 23. Rb1 Ra4 24. Rd3 b4 25.
axb4 Rxb4 26. Bd2 Rxb1 27. Qxb1 Qa4 28. g3 Rb8 29. Qc1 Nb4 30. Ra3 Qc2 31. Qxc2 Nxc2 32. Ra7 Nb6 33. Ra2 Rc8 34. Kf1 Nd7 35. Ke2 Nb4 36.
Ra7 Rd8 37. Bxb4 Bxb4 38. Rb7 Bf8 39. Nd2 Nb8 40. Kd3 Nc6 41. Ne3 Ra8 42. Nc2 Ra6 43.
f4 Ra2 44. g4 Ra8 45. f5 Re8 46. Ne3 Ne7 47. f6 Nc6 48. Nf3 gxf6 49. exf6 Bd6 50. g5 hxg5 51. Ng4 Nd8 52. Rd7 Bf4 53. Nfe5 Bxe5 54. dxe5 Kh7 55. Kd4 Rf8 56. Kc5 Rh8 57. Kd6 Nb7+ 58. Rxb7 d4 59. Rxf7+ Kg8 60. Ke7 1-0

[Event "*** SCC Grand Prix: Titled Tuesday Blitz"]
[Site "Chess.com"]
[Date "2020.07.14"]
[Round "7"]
[White "GMJustin"]
[Black "tlomigtlis"]
[Result "1/2-1/2"]
[WhiteElo "2297"]
[BlackElo "2421"]
[TimeControl "180+1"]
[EndTime "11:20:59 PDT"]
[Termination "Game drawn by stalemate"]

1. e4 c5 2. Nf3 d6 3. d4 cxd4 4. Nxd4 Nf6 5. Nc3 a6 6. Nb3 e5 7. Bg5 Be6 8. Bxf6 Qxf6 9. Nd5 Qd8 10. Be2 Nc6 11. c3 g6 12. O-O Bg7 13. a4 O-O 14. a5 f5 15. Nb6 Rb8 16. Bc4 Qe7 17. Bxe6+ Qxe6 18. Qd5 Qxd5 19. exd5 Na7 20. Nd7 Rbc8 21. Nxf8 Kxf8 22. Rac1 Rc4 23. Rfd1 Nb5 24. Nd2 Rc5 25. b4 Rxc3 26. Nc4 Ke7 27. Rxc3 Nxc3 28. Rd2 Bh6 29. Rd3 Na2 30. Rb3 Nc1 31. Rb1 Ne2+ 32. Kf1 Nc3 33. Rb3 Nxd5 34. b5 Nc7 35. bxa6 bxa6 36. Rb6 e4 37.
Nxd6 Bd2 38. Nc4 Bc3 39. Rb3 Nb5 40. Na3 Bxa5 41. Nxb5 axb5 42. Rxb5 Bc7 43. Rb7 Kd8 44. h4 Kc8 45. Ra7 Kb8 46. Ra6 Bd8 47. h5 Kb7 48. hxg6 hxg6 49. Rxg6 Kc7 50. Rh6 Kd7 51. Ke2 Be7 52. Ra6 Bg5 53. f3 Ke7 54. fxe4 fxe4 55. Ra4 e3 56. Kf3 Kf6 57. Re4 Kf5 58. g3 Bh6 59.
g4+ Kf6 60. Rxe3 Bxe3 61. Kxe3 Kg5 62. Kf3 Kg6 63. Kf4 Kf6 64. g5+ Kg6 65. Kg4 Kg7 66. Kf5 Kf7 67. g6+ Kg7 68. Kg5 Kg8 69. Kh6 Kh8 70.
g7+ Kg8 71. Kg6 1/2-1/2